 Dungeon Crawl Stone Soup version 0.25.1-2-g60ff931df9 (webtiles) character file.

Game seed: 6231380511872764180

2762 hawla the Chopper (level 9, 0/79 HPs)
             Began as a Hill Orc Monk on Oct 18, 2020.
             Was a Priest of Beogh.
             Succumbed to a hornet's poison
             ... on level 7 of the Dungeon.
             The game lasted 00:24:55 (11197 turns).

hawla the Chopper (Hill Orc Monk)                  Turns: 11197, Time: 00:24:55

Health: 0/79       AC:  7    Str: 21    XL:     9   Next: 69%
Magic:  9/10       EV: 16    Int: 10    God:    Beogh [***...]
Gold:   365        SH:  0    Dex: 21    Spells: 8/8 levels left

rFire    + . .     SeeInvis .   y - +0 spear "Biekusug" {flame, *Noise +Fly rC+ Dex+6} (curse)
rCold    + + +     Gourm    .   (no shield)
rNeg     + . .     Faith    .   n - +0 ring mail {rC+}
rPois    +         Spirit   .   r - +0 helmet
rElec    +         Reflect  .   (no cloak)
rCorr    +         Harm     .   (no gloves)
MR       .....                  (no boots)
Stlth    ++........             (no amulet)
HPRegen  0.23/turn              g - +6 ring of strength
MPRegen  0.12/turn              f - ring of positive energy

@: lethally poisoned (0 -> -4), resistant, very slightly contaminated, lightly
drained, invisible
A: no striking features
a: Smiting, Renounce Religion, Evoke Flight


You were on level 7 of the Dungeon.
You worshipped Beogh.
Beogh was most pleased with you.
You were not hungry.

You visited 1 branch of the dungeon, and saw 7 of its levels.
You also visited: Ossuary.

You collected 365 gold pieces.

Inventory:

Hand Weapons
 i - a +2 glaive of flaming
 l - a +0 war axe
 m - a cursed +2 dire flail of protection
 v - a cursed +5 great sword of freezing
 y - the cursed +0 spear "Biekusug" (weapon) {flame, *Noise +Fly rC+ Dex+6}
   (You found it on level 6 of the Dungeon)

   It has been specially enchanted to burn those struck by it, causing extra
   injury to most foes and up to half again as much damage against particularly
   susceptible opponents.
   It affects your dexterity (+6).
   It protects you from cold.
   It lets you fly.
   It may make noises in combat.
   It has a curse placed upon it.
Missiles
 a - 2 boomerangs (quivered)
Armour
 n - a +0 ring mail of cold resistance (worn)
 r - a +0 helmet (worn)
 s - a +0 plate armour
 z - a +0 chain mail
Jewellery
 b - an uncursed ring of resist corrosion
 f - a ring of positive energy (right hand)
 g - a +6 ring of strength (left hand)
 k - a +6 ring of strength
Wands
 d - a wand of random effects (19)
 t - a wand of disintegration (9)
 x - a wand of digging (7)
 D - a wand of paralysis (3)
Scrolls
 e - a scroll of fear
 h - 2 scrolls of enchant weapon
 j - 3 scrolls of amnesia
 p - 2 scrolls of identify
 u - 2 scrolls of immolation
 w - 2 scrolls of enchant armour
Potions
 o - 2 potions of haste
 q - a potion of magic
 A - 2 potions of invisibility
Comestibles
 c - 12 rations


   Skills:
 + Level 7.1(6.9) Fighting
 + Level 7.7(9.0) Axes
 + Level 0.6(3.9) Maces & Flails
 + Level 6.3(7.4) Polearms
 + Level 2.0(1.9) Throwing
 + Level 5.4(5.2) Armour
 * Level 6.1(6.0) Dodging
 - Level 1.5(1.4) Stealth
 + Level 1.6(1.5) Invocations


You had 8 spell levels left.
You didn't know any spells.
Your spell library contained the following spells:

 Spells                   Type           Power        Failure   Level  Hunger
 Magic Dart               Conj           #...         52%         1    ##.....
 Searing Ray              Conj           #.....       65%         2    ###....
 Dazzling Flash           Conj/Hex       #.....       87%         3    ####...
 Fulminant Prism          Conj/Hex       #.........   99%         4    #####..
 Iskenderun's Mystic Bla  Conj/Tloc      #.......     99%         4    #####..


Dungeon Overview and Level Annotations

Branches:
Dungeon (7/15)            Ossuary (visited)
 Temple: D:4-7

Altars:
Dithmenos
Elyvilon
Fedhas
Kikubaaqudgha
Nemelex Xobeh
Qazlal
Ru
Vehumet
Wu Jian
Yredelemnul
The Shining One


Message History

You enter the shallow water.
Moving in this stuff is going to be slow. ...and don't expect to remain undetected.
* * * LOW HITPOINT WARNING * * *
You feel sick.
Your orc warrior hits the wight with a +0 flail!!
The wight is destroyed!
Beogh accepts your kill.
Your orc warrior looks more experienced.
Found a scroll of identify.
* * * LOW HITPOINT WARNING * * *
You feel sick.
* * * LOW HITPOINT WARNING * * *
You feel sick.
* * * LOW HITPOINT WARNING * * *
You feel sick.
A quokka comes into view.
* * * LOW HITPOINT WARNING * * *
You feel sick.
You die...

#.. #.. ... ## #.# #.#
##.# ##.. #.#
##.#####.###.. #.#
#..#....()#.# #.#
#....≈(≈...r# #
#.###..≈)≈≈≈≈≈..##.#
#.#...≈≈≈≈≈≈≈≈≈oo#.#
....)≈≈≈≈≈≈≈≈≈≈≈...#
)....≈≈≈≈.PP≈≈≈≈@..#
#...≈≈≈≈P.P♣P≈≈≈≈.......
....≈≈≈≈<._♣>≈≈≈≈..###.#
#.#.≈≈≈≈P.)..≈≈≈≈....
#.#..≈≈≈≈P.♣≈≈≈≈.?####
#....≈≈≈≈≈≈≈≈≈≈≈..#
####..≈≈≈≈≈≈≈≈≈...# ..≈
≈≈≈≈≈..###


You could see a quokka, a friendly orc warrior and a friendly orc.

Vanquished Creatures
  A hornet (D:7)
  Prince Ribbit (D:6)
  An ice beast (D:7)
  2 orc warriors (D:6)
  2 sky beasts
  2 black bears
  An ogre (D:4)
  A centaur (D:5)
  4 water moccasin zombies (Ossuary)
  A scorpion (D:5)
  5 wights
  3 howler monkeys
  A crimson imp (D:6)
  A quasit (D:6)
  2 hounds
  A jelly (D:7)
  2 orc priests (D:6)
  Natasha (D:4)
  3 worker ants
  2 orc wizards
  4 big kobold zombies (Ossuary)
  A hound zombie (D:5)
  2 mummies (Ossuary)
  9 gnolls
  8 adders
  An adder skeleton (D:6)
  6 adder zombies (Ossuary)
  3 worms
  A dart slug (D:1)
  3 leopard geckos
  11 orcs
  3 giant cockroaches
  3 gnoll zombies (Ossuary)
  4 goblins
  11 hobgoblins
  2 jackals (D:4)
  16 kobolds
  A ball python (D:3)
  4 bats
  7 frilled lizards
  3 hobgoblin zombies (Ossuary)
  2 kobold zombies (Ossuary)
  2 leopard gecko skeletons
  2 orc zombies (Ossuary)
  15 rats
161 creatures vanquished.

Vanquished Creatures (collateral kills)
  A black bear (D:7)
  An ogre (D:7)
  4 wights (D:7)
  An orc wizard (D:7)
  2 orcs (D:7)
9 creatures vanquished.

Vanquished Creatures (others)
  An orc priest (D:6)
  2 orcs
  2 plants (D:7)
  3 toadstools (D:5)
8 creatures vanquished.

Grand Total: 178 creatures vanquished

Notes
Turn   | Place    | Note
-------+----------+-------------------------------------------
     0 | D:1      | hawla the Hill Orc Monk began the quest for the Orb.
     0 | D:1      | Reached XP level 1. HP: 19/19 MP: 1/1
   297 | D:1      | Reached XP level 2. HP: 27/27 MP: 2/2
   864 | D:2      | Reached XP level 3. HP: 31/33 MP: 3/3
  1107 | D:2      | Found a white marble altar of Elyvilon.
  1856 | D:2      | Found an ancient bone altar of Kikubaaqudgha.
  2179 | D:2      | Reached XP level 4. HP: 30/40 MP: 4/4
  2349 | D:2      | Reached skill level 5 in Axes
  3299 | D:3      | Found a stormy altar of Qazlal.
  3604 | D:3      | Reached XP level 5. HP: 46/47 MP: 5/5
  4107 | D:4      | Noticed a phantom
  5589 | D:4      | Noticed an ogre
  5600 | D:4      | Killed an ogre
  5600 | D:4      | Reached skill level 1 in Armour
  5600 | D:4      | Reached XP level 6. HP: 28/55 MP: 6/6
  6140 | D:4      | Reached skill level 5 in Fighting
  6192 | D:4      | Noticed Natasha
  6193 | D:4      | Became a worshipper of Beogh the Brigand
  6193 | D:4      | Reached * piety under Beogh
  6193 | D:4      | Reached ** piety under Beogh
  6197 | D:4      | Killed Natasha
  6474 | D:5      | Entered Level 5 of the Dungeon
  6706 | D:5      | Noticed a sky beast
  6723 | D:5      | Killed a sky beast
  6723 | D:5      | Reached XP level 7. HP: 18/61 MP: 7/7
  7141 | D:5      | Found an ornate altar of the Wu Jian Council.
  7142 | D:5      | Found a basalt altar of Yredelemnul.
  7142 | D:5      | Found a glowing golden altar of the Shining One.
  7142 | D:5      | Found a shadowy altar of Dithmenos.
  7372 | D:5      | Found a sacrificial altar of Ru.
  7372 | D:5      | Found a radiant altar of Vehumet.
  7860 | D:6      | Got a slimy spear
  7891 | D:6      | Found a sand-covered staircase.
  7900 | Ossuary  | Entered an ossuary
  7901 | Ossuary  | Identified the cursed +0 spear "Biekusug" {flame, *Noise
                  | +Fly rC+ Dex+6} (You found it on level 6 of the Dungeon)
  8097 | Ossuary  | Reached XP level 8. HP: 45/70 MP: 8/8
  8263 | Ossuary  | Reached skill level 1 in Polearms
  8568 | Ossuary  | Reached *** piety under Beogh
  9055 | D:6      | Reached skill level 5 in Dodging
  9082 | D:6      | HP: 2/70 [gnoll/cursed +0 halberd (9)]
  9391 | D:6      | Found a sparkling altar of Nemelex Xobeh.
  9424 | D:6      | Reached skill level 1 in Throwing
  9694 | D:6      | Noticed Prince Ribbit
  9714 | D:6      | Killed Prince Ribbit
  9714 | D:6      | Reached XP level 9. HP: 56/78 MP: 9/9
 10150 | D:6      | Reached skill level 5 in Polearms
 10160 | D:6      | HP: 1/78 [orc warrior/+0 halberd (19)]
 10834 | D:7      | Reached skill level 5 in Armour
 10834 | D:7      | Reached skill level 1 in Invocations
 11117 | D:7      | Found a blossoming altar of Fedhas.
 11174 | D:7      | Noticed a hornet
 11180 | D:7      | Paralysed by a hornet for 2 turns
 11184 | D:7      | Killed a hornet
 11192 | D:7      | HP: 3/79 [poisoned by a hornet]
 11196 | D:7      | HP: 1/79 [poisoned by a hornet]
 11197 | D:7      | Succumbed to a hornet's poison

Illustrated notes

Levels and vault maps discovered:
D:1:      heliophobic_arrival_battle_scene, layout_rooms
D:2:      layout_basic, elyvilon_altar_5, overflow_temple_1_default, st_stairs_8
D:3:      layout_basic, grunt_qazlal_sundering
D:4:      layout_basic, grunt_ministairs_1, uniq_natasha
D:5:      layout_cave_pools, minmay_overflow_temple_hex, first_ration,
          minmay_gold_behind_fungi
D:6:      layout_loops_corners, lemuel_round_altar, chequers_ossuary_entry_cave,
          uniq_prince_ribbit1
D:7:      layout_loops_ring, fedhas_ov_isle_minmay, zin_statuary,
          minmay_temple_entry_glass

Skill      XL: |  1  2  3  4  5  6  7  8  9 |
---------------+----------------------------+-----
Fighting       | 4 5 6 7 |  7.1
Dodging        | 3 4 5 6 |  6.1
Axes           | 5 6 7 |  7.7
Armour         | 1 2 3 4 5 |  5.4
Polearms       | 4 6 |  6.3
Throwing       | 1 2 |  2.0
Invocations    | 1 |  1.6
Maces & Flails | |  0.6
Stealth        | |  1.5

Action                   |  1- 3 |  4- 6 |  7- 9 || total
-------------------------+-------+-------+-------++-------
Melee: Hand axe          |   137 |   126 |       ||   263
       Whip              |       |    19 |       ||    19
       War axe           |       |    39 |    70 ||   109
       Spear             |       |       |   430 ||   430
Throw: Boomerang         |       |       |    20 ||    20
Invok: Convert to Beogh  |       |     1 |       ||     1
       Smiting           |       |       |     6 ||     6
Evoke: Wand              |       |       |     2 ||     2
  Use: Scroll            |     5 |     9 |     6 ||    20
       Potion            |       |     5 |    14 ||    19
 Stab: Sleeping          |     1 |     4 |     2 ||     7
       Paralysed         |       |       |     3 ||     3
       Distracted        |       |       |     1 ||     1
       Invisible         |       |       |     1 ||     1
  Eat: Chunk             |     3 |    12 |     5 ||    20
       Ration            |       |     1 |     3 ||     4
Armor: Robe              |    27 |    21 |       ||    48
       Skin              |       |    17 |    59 ||    76
       Leather armour    |       |     4 |       ||     4
       Ring mail         |       |    17 |   116 ||   133
Dodge: Dodged            |    77 |    92 |   284 ||   453
